 Dungeon Crawl Stone Soup version 0.27-a0-1308-gc08437e49b (webtiles) character file.

Game seed: 7935150191101921738

2338 pkoi the Grappler (level 9, -2/73 (80) HPs)
             Began as a Troll Monk on June 18, 2021.
             Slain by a wight (13 damage)
             ... on level 7 of the Dungeon.
             The game lasted 00:10:10 (4839 turns).

pkoi the Grappler (Troll Monk)                      Turns: 4839, Time: 00:10:11

HP:   -2/73 (80)    AC:  4    Str: 24    XL:     9   Next: 19%
MP:   8/8           EV: 14    Int:  6    God:
Gold: 333           SH:  0    Dex: 12    Spells: 8/8 levels left

rFire    . . .     SeeInvis .     - Unarmed
rCold    . . .     Faith    .   (no shield)
rNeg     . . .     Spirit   .   a - +0 robe
rPois    .         Reflect  .   (helmet restricted)
rElec    .         Harm     .   (no cloak)
rCorr    +         Rampage  .   (gloves unavailable)
Will     .....                  (boots unavailable)
Stlth    ++........             (no amulet)
HPRegen  1.22/turn              o - ring of resist corrosion
MPRegen  0.11/turn              f - +4 ring of evasion

@: drained
A: large, unfitting armour, claws 3, regeneration 1, shaggy fur 1, tough skin 1
a: no special abilities


You were on level 7 of the Dungeon.
You visited 1 branch of the dungeon, and saw 7 of its levels.

You collected 333 gold pieces.

Inventory:

Missiles
 b - 32 poisoned darts (quivered)
 g - 178 stones
 s - a curare-tipped dart
Armour
 a - a +0 robe (worn)
Jewellery
 f - a +4 ring of evasion (right claw)
 o - a ring of resist corrosion (left claw)
 r - a ring of poison resistance
Wands
 n - a wand of digging (7)
 p - a wand of iceblast (7)
 t - a wand of charming (8)
Scrolls
 c - 6 scrolls of identify
 j - 3 scrolls of teleportation
 l - a scroll of brand weapon {unknown}
 m - a scroll of enchant weapon {unknown}
Potions
 d - 2 potions of lignification {unknown}
 e - a potion of cancellation {unknown}
 h - 2 potions of might {unknown}
 i - 2 potions of flight {unknown}
 k - 2 potions of heal wounds
 q - a potion of magic


   Skills:
 - Level 2.4 Fighting
 - Level 2.0 Throwing
 - Level 2.4 Dodging
 - Level 1.0 Stealth
 + Level 12.1 Unarmed Combat


You had 8 spell levels left.
You didn't know any spells.
Your spell library contained the following spells:

 Spells                   Type           Power      Damage    Failure   Level
 Blink                    Tloc           N/A        N/A       58%         2
 Gell's Gravitas          Tloc           0%         N/A       83%         3
 Lesser Beckoning         Tloc           0%         N/A       83%         3
 Teleport Other           Tloc           0%         N/A       83%         3
 Manifold Assault         Tloc           0%         N/A       100%        5


Dungeon Overview and Level Annotations

Branches:
Dungeon (7/15)             Temple (0/1) D:7

Altars:
Cheibriados
Gozag
Okawaru
Qazlal
Sif Muna
Xom
Yredelemnul
Zin

Annotations:
D:3 1 runed translucent door, Crazy Yiuf


Innate Abilities, Weirdness & Mutations

You are too large for most types of armour.
You have claws for hands.
Your natural rate of healing is unusually fast.
You are covered in fur. (AC +1)
You have tough skin. (AC +1)


Message History

You closely miss the wight.
The wight is lightly damaged.
The wight hits you with a +3 falchion!
You feel drained.
You claw the wight!
The wight is severely damaged.
The wight hits you but does no damage. The wight barely misses you.
The wight hits you with a +5 hand axe.
You feel drained.
You are too injured to fight recklessly!
You are too injured to fight recklessly!
You are too injured to fight recklessly!
You are too injured to fight recklessly!
You are too injured to fight recklessly!
You are too injured to fight recklessly!
You are too injured to fight recklessly!
You are too injured to fight recklessly!
You are too injured to fight recklessly!
You are too injured to fight recklessly!
You are too injured to fight recklessly!
You are too injured to fight recklessly!
You are too injured to fight recklessly!
You are too injured to fight recklessly!
You are too injured to fight recklessly!
You are too injured to fight recklessly!
You are too injured to fight recklessly!
You are too injured to fight recklessly!
You are too injured to fight recklessly!
You are too injured to fight recklessly!
Unknown command.
You barely miss the wight.
The wight is severely damaged.
The wight barely misses you. The wight hits you with a +5 hand axe!
The wight hits you with a +3 falchion!
* * * LOW HITPOINT WARNING * * *
You claw the wight!
You destroy the wight!
The wight hits you with a +3 falchion!
* * * LOW HITPOINT WARNING * * *
The wight closely misses you. The wight hits you with a +5 hand axe!
You die...

#.#.# #........# #.#.#..
#........# #.#.#..#
#........# ####.#.##.#
#........## ###....#.##..
#......... ........<....
#........# ###....#<....
#.)...)zz######....#.###.
#...)@...<.#..........
#.......)..######.###.
#..........# #.# #.
#..........# #.####
#..........# #.#...
#..........# #.#.##
#).........######.# #
#..........'...... .#
#..........########.#


You could see 2 wights.

Vanquished Creatures
  Menkaure (D:4)
  A water moccasin (D:7)
  A sky beast (D:6)
  A black bear (D:5)
  A necrophage (D:7)
  An ogre (D:4)
  A centaur (D:5)
  A kobold brigand (D:6)
  2 phantoms
  A bullfrog (D:7)
  A scorpion (D:7)
  A water moccasin zombie (D:7)
  A wyvern skeleton (D:5)
  6 wights
  4 howler monkeys
  A bullfrog zombie (D:6)
  3 centaur zombies
  A bullfrog skeleton (D:6)
  2 orc priests
  5 hounds
  A centaur skeleton (D:7)
  Jessica (D:3)
  5 iguanas
  Natasha (D:4)
  2 orc wizards
  A hound skeleton (D:4)
  A howler monkey skeleton (D:6)
  4 adders
  A white imp (D:7)
  3 adder skeletons
  3 worms
  14 orcs
  9 ball pythons
  10 endoplasms
  A giant cockroach (D:3)
  12 goblins
  4 hobgoblins
  14 jackals
  7 kobolds
  3 quokkas
  4 bats
  A frilled lizard (D:1)
  5 rats
143 creatures vanquished.

Vanquished Creatures (others)
  8 plants (D:3)
8 creatures vanquished.

Grand Total: 151 creatures vanquished

Notes
Turn   | Place    | Note
-------+----------+-------------------------------------------
     0 | D:1      | pkoi the Troll Monk began the quest for the Orb.
     0 | D:1      | Reached XP level 1. HP: 22/22 MP: 0/0
   160 | D:1      | Reached XP level 2. HP: 29/29 MP: 1/1
   281 | D:1      | Reached skill level 4 in Unarmed Combat
   337 | D:1      | Reached XP level 3. HP: 31/36 MP: 2/2
   963 | D:2      | Reached XP level 4. HP: 44/44 MP: 3/3
  1119 | D:2      | Found a faded altar of an unknown god.
  1486 | D:3      | Found a runed translucent door.
  1487 | D:3      | Noticed Crazy Yiuf
  1588 | D:3      | Reached skill level 1 in Throwing
  1588 | D:3      | Reached skill level 5 in Unarmed Combat
  1632 | D:3      | Reached XP level 5. HP: 4/50 MP: 4/4
  2071 | D:3      | Noticed Jessica
  2075 | D:3      | Killed Jessica
  2474 | D:4      | Reached skill level 6 in Unarmed Combat
  2632 | D:4      | Found an iron altar of Okawaru.
  2639 | D:4      | Noticed an ogre
  2643 | D:4      | Noticed a phantom
  2648 | D:4      | Killed an ogre
  2649 | D:4      | Reached XP level 6. HP: 28/59 MP: 5/5
  2653 | D:4      | Noticed Menkaure
  2849 | D:4      | Reached skill level 7 in Unarmed Combat
  2921 | D:4      | Noticed Natasha
  2924 | D:4      | Killed Natasha
  3066 | D:4      | Killed Menkaure
  3067 | D:4      | Reached XP level 7. HP: 47/66 MP: 6/6
  3146 | D:5      | Entered Level 5 of the Dungeon
  3158 | D:5      | Reached skill level 8 in Unarmed Combat
  3258 | D:5      | Reached skill level 9 in Unarmed Combat
  3340 | D:5      | Reached XP level 8. HP: 45/74 MP: 7/7
  3473 | D:5      | Reached skill level 10 in Unarmed Combat
  3779 | D:6      | Found an opulent altar of Gozag.
  3784 | D:6      | Found a shimmering blue altar of Sif Muna.
  3784 | D:6      | Found a shimmering altar of Xom.
  3784 | D:6      | Found a basalt altar of Yredelemnul.
  3785 | D:6      | Found a snail-covered altar of Cheibriados.
  3786 | D:6      | Found a stormy altar of Qazlal.
  3787 | D:6      | Found a glowing silver altar of Zin.
  3978 | D:6      | Reached skill level 11 in Unarmed Combat
  4576 | D:7      | Reached XP level 9. HP: 9/80 MP: 8/8
  4748 | D:7      | Found a staircase to the Ecumenical Temple.
  4778 | D:7      | Reached skill level 12 in Unarmed Combat
  4839 | D:7      | Slain by a wight

Illustrated notes

Levels and vault maps discovered:
D:1:      dpeg_arrival_water_fire, layout_basic
D:2:      layout_loops_ring, dilly_ecumenical_altar_fadedgnrine
D:3:      layout_loops_ring, serial_bayou_lake_a, uniq_crazy_yiuf_cottage,
          uniq_jessica
D:4:      layout_loops_ring, nicolae_overflow_crystal_walls, serial_park_tiny_2,
          uniq_menkaure, uniq_natasha
D:5:      layout_rooms
D:6:      layout_basic, minitemple
D:7:      layout_basic, minmay_temple_entry_wispy, nrook_mini_backslash

Skill      XL: |  1  2  3  4  5  6  7  8  9 |
---------------+----------------------------+-----
Unarmed Combat | 4 5 6 7 9 11 12 | 12.1
Throwing       | 1 2 |  2.0
Fighting       | |  2.4
Dodging        | |  2.4
Stealth        | |  1.0

Action                   |  1- 3 |  4- 6 |  7- 9 || total
-------------------------+-------+-------+-------++-------
Melee: Unarmed           |    73 |   129 |   196 ||   398
       Punch             |       |     3 |    11 ||    14
Throw: Stone             |     3 |       |       ||     3
  Use: Scroll            |     3 |     3 |       ||     6
       Potion            |       |       |     4 ||     4
 Stab: Sleeping          |     4 |     2 |       ||     6
Armor: Robe              |    28 |    34 |    28 ||    90
Dodge: Dodged            |    33 |    40 |   126 ||   199

Table legend: (Time is in decaauts)
 A = Elapsed time spent in this place.
 B = Non-inter-level travel time spent in this place.
 C = Inter-level travel time spent in this place.
 D = Time resting spent in this place.
 E = Time spent auto-exploring this place.
 F = Levels seen in this place.
 G = Mean time per level.
                   A        B        C        D        E       F      G
               +--------+--------+--------+--------+--------+-----+--------+
         Total |   4803 |   4638 |    165 |     83 |   3573 |   7 |  686.1 |
       Dungeon |   4803 |   4638 |    165 |     83 |   3573 |   7 |  686.1 |
               +--------+--------+--------+--------+--------+-----+--------+

Top non-repeatable levels by time:
     D:3: 1052 daAuts
     D:4: 772 daAuts
     D:6: 755 daAuts
     D:1: 703 daAuts
     D:2: 639 daAuts
     D:5: 535 daAuts
     D:7: 344 daAuts
